 Dungeon Crawl Stone Soup version 0.26-a0-651-gb41185065b (webtiles) character file.

Game seed: 1628594336960429629

(classic levelgen) 143203 EnegeticOcto the Severer (level 16, 50/154 HPs)
             Began as a Deep Dwarf Fighter on Oct 7, 2020.
             Was a High Priest of Makhleb.
             Quit the game on level 1 of the Depths.
             The game lasted 00:15:59 (13601 turns).

EnegeticOcto the Severer (Deep Dwarf Fighter)      Turns: 13601, Time: 00:16:01

Health: 50/154     AC: 27    Str: 27    XL:     16   Next: 18%
Magic:  0/0        EV: 11    Int:  9    God:    Makhleb [*****.]
Gold:   365        SH: 14    Dex: 12    Spells: 15/15 levels left

rFire    + . .     SeeInvis .   q - +4 war axe (flame)
rCold    + . .     Faith    .   c - +0 kite shield
rNeg     + + .     Spirit   .   g - +0 plate armour
rPois    .         Reflect  .   p - +0 helmet
rElec    .         Harm     .   r - scarf {repulsion}
rCorr    +         Rampage  .   y - +2 pair of gloves
MR       +....                  k - +5 pair of boots of the Meadowlark {rN+ MR- rCorr}
Stlth    ..........             A - amulet of the acrobat
HPRegen  0.00/turn              u - ring of protection from fire
MPRegen  0.07/turn              f - ring of protection from cold

@: flying (expiring), non-regenerating, studying Shields, repel missiles
A: damage resistance, heal wounds, negative energy resistance 1, sense
surroundings 2, no regeneration
}: 2/15 runes: barnacled, gossamer
a: Heal Wounds, Minor Destruction, Lesser Servant of Makhleb, Major Destruction,
Greater Servant of Makhleb, Renounce Religion


You were on level 1 of the Depths.
You worshipped Makhleb.
Makhleb was extremely pleased with you.
You visited 7 branches of the dungeon, and saw 30 of its levels.
You also visited: Bailey and Ice Cave.

You collected 2020 gold pieces.
You spent 1655 gold pieces at shops.

Inventory:

Hand Weapons
 a - a +1 war axe
 q - a +4 war axe of flaming (weapon)
Missiles
 w - 2 throwing nets (quivered)
Armour
 c - a +0 kite shield (worn)
 g - a +0 plate armour (worn)
 k - the +5 pair of boots of the Meadowlark (worn) {rN+ MR- rCorr}
   (You acquired it on level 6 of the Dungeon)

   It protects you from negative energy.
   It affects your resistance to hostile enchantments.
   It provides partial protection from all sources of acid and corrosion.
 p - a +0 helmet (worn)
 r - a scarf of repulsion (worn)
 y - a +2 pair of gloves (worn)
Jewellery
 f - a ring of protection from cold (right hand)
 u - a ring of protection from fire (left hand)
 v - a +4 ring of slaying
 z - an uncursed ring of protection from cold
 A - an amulet of the acrobat (around neck)
 B - a +4 ring of evasion
 K - an uncursed ring of poison resistance
Wands
 b - a wand of digging (5) {@v3}
 s - a wand of polymorph (22)
 F - a wand of acid (28) {@v1}
 J - a wand of disintegration (9)
Scrolls
 i - 3 scrolls of magic mapping {@r5}
 j - 4 scrolls of identify {@r1}
 l - a scroll of immolation {@r4}
 m - 6 scrolls of remove curse {@r2}
 n - 4 scrolls of teleportation {@r3}
 D - a scroll of fog
Potions
 d - 2 potions of might {@q3}
 e - 4 potions of curing {@q1}
 h - 3 potions of mutation
 t - a potion of lignification {@q7}
 C - 2 potions of heal wounds {@q2}
 I - a potion of haste {@q4}
Books
 x - a manual of Shields


   Skills:
 + Level 12.4 Fighting
 * Level 16.3 Axes
 + Level 12.3 Armour
 + Level 7.0 Dodging
 + Level 14.4 Shields
 * Level 14.4 Invocations
 + Level 8.4 Evocations


You had 15 spell levels left.
You didn't know any spells.
Your spell library was empty.

Dungeon Overview and Level Annotations

Branches:
Dungeon (15/15)            Temple (1/1) D:4            Lair (3/6) D:9
 Shoals (4/4) Lair:2       Spider (4/4) Lair:3          Orc (2/2) D:11
    Elf (0/3) Orc:2        Depths (1/5) D:15         Bailey (visited)
  IceCv (visited)
 Vaults: D:13-14

Altars:
Ashenzari
Cheibriados
Dithmenos
Elyvilon
Fedhas
Hepliaklqana
Kikubaaqudgha
Makhleb
Nemelex Xobeh
Okawaru
Ru
Sif Muna
Trog
Uskayaw
Vehumet
Wu Jian
Xom
Yredelemnul
Zin
The Shining One

Shops:
Orc:2 ![=:=   Depths:1 *

Annotations:
D:9 2 transporters
Lair:3 1 runed translucent door, Kiuman's ghost, journeyman TeAE


Innate Abilities, Weirdness & Mutations

You are resistant to damage.
You can heal yourself by infusing magical energy.
You resist negative energy. (rN+)
You passively map the area around you.
You do not regenerate.


Message History

A demon appears!
The stone giant throws a large rock.
The large rock hits you.
* * * LOW HITPOINT WARNING * * *
Your ynoxinul gestures.
You are too injured to fight recklessly!
You are too injured to fight recklessly!
You are too injured to fight recklessly!
You are too injured to fight recklessly!
You are too injured to fight recklessly!
You are too injured to fight recklessly!
You are too injured to fight recklessly!
You are too injured to fight recklessly!
You are too injured to fight recklessly!
You are too injured to fight recklessly!
You are too injured to fight recklessly!
You are too injured to fight recklessly!
You feel much better.
You are starting to lose your buoyancy.
The necromancer casts a spell.
The necromancer binds the souls of nearby monsters.
Your ufetubus hits the deep troll but does no damage.
Your ufetubus misses the deep troll.
The stone giant throws a large rock.
The large rock closely misses you.
The deep troll earth mage bites your ufetubus!!
Your ufetubus dies!
Your ynoxinul gestures.
Your orange demon stings the fire giant but does no damage.
Your magical essence is drained by the effort!
You feel much better.
Your ufetubus closely misses the deep troll shaman. x2
The deep troll shaman calls upon its god to strengthen the deep troll.
The deep troll seems to grow stronger.
The deep troll bites your ynoxinul! The deep troll claws your ynoxinul.
The deep troll claws your ynoxinul!
Your ufetubus hits the deep troll.
Your ufetubus hits the deep troll but does no damage.
Your ynoxinul closely misses the deep troll.
Your ufetubus hits the deep troll shaman but does no damage.
Your ufetubus barely misses the deep troll shaman.
Your orange demon stings the fire giant but does no damage.
Your ufetubus misses the deep troll shaman.
Your ufetubus hits the deep troll shaman.
You slash the deep troll! You burn the deep troll.
The deep troll is heavily wounded.
You hit the fire giant but do no damage.
Your plate armour prevents you from hitting the deep troll shaman.
Your ufetubus hits the deep troll.
Your ufetubus hits the deep troll but does no damage.
The deep troll bites your ynoxinul.
Your ynoxinul dies!
Your ufetubus disappears in a puff of smoke! x4
The deep troll shaman bites you but does no damage.
The deep troll shaman claws you!
You block the deep troll shaman's attack.
You block the fire giant's attack.
You closely miss the deep troll.
The deep troll is heavily wounded.
You hit the fire giant. You slice the deep troll shaman!!
You burn the deep troll shaman!
The deep troll earth mage points at your orange demon and mumbles some strange words.
The wall shatters!
The blast of rock fragments hits your orange demon!!
The deep troll misses you. The deep troll claws you!
The deep troll barely misses you.
The necromancer mumbles some strange words.
The necromancer binds the souls of nearby monsters.
The deep troll shaman prays to its god.
The deep troll shaman is healed somewhat.
You hear a shout!
You completely miss the deep troll.
The deep troll is heavily wounded.
You hit the fire giant. You hit the deep troll shaman.
You burn the deep troll shaman.
Your orange demon stings the stone giant.
Your orange demon hits the stone giant.
The fire giant points at you and mumbles some strange words.
The bolt of fire hits you!! You resist. The deep troll closely misses you.
The deep troll claws you but does no damage.
The deep troll misses you.
You are too injured to fight recklessly!
You are too injured to fight recklessly!
You are too injured to fight recklessly!
You are too injured to fight recklessly!
You are too injured to fight recklessly!
You are too injured to fight recklessly!
You are too injured to fight recklessly!
You are too injured to fight recklessly!
You are too injured to fight recklessly!
You are too injured to fight recklessly!
You are too injured to fight recklessly!
You are too injured to fight recklessly!
You are too injured to fight recklessly!
You are too injured to fight recklessly!
You are too injured to fight recklessly!
You are too injured to fight recklessly!
You are too injured to fight recklessly!
You are too injured to fight recklessly!
You are too injured to fight recklessly!
You are too injured to fight recklessly!
You are too injured to fight recklessly!
You are too injured to fight recklessly!
Are you sure you want to abandon this character and quit the game? (Confirm with "yes".)

**,
#.....#....#.(....+,
.,#.....#....#......#
*..##+##.'...###....##
, ......###...# #....#
,
............#.#+####+
, * ...#...§.###.#,,
,, , ,
.........(#...#,,,, ,
* ......∩..(....#, , *
##+......C@...# ⌠, +
...≈...≈.TTT..+,,,
,..........C.TT.#
,..###..#.4..§..... ,
, #+ ....#....§Cp... ,
, , , * ,,
#....#....(...(. * *
##.. #..........* , ,
, ,, #.......... * ,
*,* + , ,,, *+ **


You could see a fire giant (soul bound), 2 stone giants, 2 deep trolls, 2 deep
troll earth magi, a deep troll shaman (soul bound), a necromancer and a friendly
orange demon (summoned).

Vanquished Creatures
  Nikola (Shoals:4)
  Jorgrun (D:13)
  A fire giant (D:15)
  An emperor scorpion (Spider:2)
  An entropy weaver (Spider:3)
  3 merfolk javelineers (Shoals:4)
  3 merfolk impalers (Shoals:4)
  An ice dragon (Depths:1)
  Erolcha (D:10)
  2 hydras
  A two-headed ogre (Orc:1)
  3 death yaks (Shoals:4)
  5 satyrs
  6 orc high priests (Orc:2)
  Sonja (D:12)
  3 sea snakes
  An unseen horror (D:11)
  4 orc knights
  16 wolf spiders
  2 ugly things
  11 harpies (Shoals:2)
  17 fauns
  3 orb spiders
  4 cyclopes
  4 orc sorcerers (Orc:2)
  5 merfolk sirens
  2 black mambas (Lair:2)
  5 manticores
  3 elephants (Lair:3)
  2 water nymphs
  3 centaur skeletons
  4 cane toads
  A rime drake (Lair:3)
  Maggie (D:6)
  4 demonic crawlers
  3 komodo dragons
  A freezing wraith (D:14)
  An ice devil (D:11)
  A troll (Orc:1)
  A tengu conjurer (D:13)
  9 jumping spiders
  12 merfolk
  2 hornets
  5 snapping turtles
  14 blink frogs
  6 hippogriffs
  2 shadows
  A vampire (D:13)
  39 redbacks
  2 wraiths (D:10)
  2 water elementals
  11 tarantellas
  A wyvern (D:9)
  12 yaks
  Grum (D:10)
  2 basilisks
  3 steam dragons
  4 vampire mosquitoes (D:12)
  Menkaure (D:6)
  6 wargs
  10 porcupines
  6 water moccasins
  27 orc warriors
  2 sky beasts
  3 ice beasts
  2 black bears
  6 necrophages
  3 phantoms
  14 ogres
  3 wolves (D:10)
  10 centaurs
  6 crocodiles
  Blork the orc (D:6)
  2 big kobolds
  9 bullfrogs
  20 scorpions
  4 wights (D:10)
  An electric eel (D:15)
  A howler monkey (D:6)
  3 centaur zombies
  2 jellies
  22 orc priests
  5 bullfrog skeletons
  6 hounds
  19 orc wizards
  Ijyb (D:4)
  Jessica (D:2)
  Crazy Yiuf (D:4)
  4 iguanas
  11 worker ants
  A killer bee zombie (D:9)
  A mummy (D:10)
  A worker ant zombie (D:2)
  Robin (D:4)
  2 howler monkey skeletons
  10 adders
  2 shadow imps
  5 white imps
  4 ufetubi
  2 oozes
  An adder zombie (D:6)
  An adder skeleton (D:4)
  A worm (D:4)
  3 dart slugs
  2 leopard geckos
  82 orcs
  2 giant cockroaches
  13 goblins
  2 hobgoblins
  2 jackals (D:1)
  3 quokkas
  4 bats
  5 frilled lizards
  11 kobolds
  A quokka skeleton (D:5)
  6 rats
  A plant (Shoals:4)
642 creatures vanquished.

Vanquished Creatures (collateral kills)
  Polyphemus (Shoals:4)
  2 emperor scorpions
  A merfolk impaler (Shoals:4)
  A catoblepas (Shoals:4)
  A satyr (Shoals:2)
  A tengu warrior (D:13)
  An orc knight (Orc:2)
  2 orb spiders
  2 harpies (Shoals:2)
  4 fauns
  A merfolk siren (Shoals:4)
  3 jumping spiders
  6 merfolk
  11 redbacks
  5 tarantellas
  A warg (Orc:2)
  3 orc warriors (Orc:2)
  An ice beast (D:13)
  3 scorpions (Spider:2)
  An orc priest (Orc:2)
  3 orc wizards (Orc:2)
  5 orcs
59 creatures vanquished.

Vanquished Creatures (others)
  A death yak (Shoals:4)
  A demonic crawler (Spider:3)
  6 fungi (Lair:3)
  86 plants
  A withered plant (D:10)
95 creatures vanquished.

Grand Total: 796 creatures vanquished

Notes
Turn   | Place    | Note
-------+----------+-------------------------------------------
     0 | D:1      | EnegeticOcto the Deep Dwarf Fighter began the quest for the
                  | Orb.
     0 | D:1      | Reached XP level 1. HP: 20/20 MP: 1/1
    90 | D:1      | Reached XP level 2. HP: 22/27 MP: 2/2
   377 | D:2      | Reached skill level 3 in Axes
   377 | D:2      | Reached XP level 3. HP: 20/33 MP: 3/3
   380 | D:2      | Noticed Jessica
   387 | D:2      | Killed Jessica
   401 | D:2      | Found a hide-covered altar of Uskayaw.
   411 | D:2      | Reached XP level 4. HP: 34/42 MP: 4/4
   529 | D:4      | Reached skill level 4 in Axes
   529 | D:4      | Reached XP level 5. HP: 29/49 MP: 5/5
   551 | D:4      | Found a sparkling altar of Nemelex Xobeh.
   551 | D:4      | Noticed Robin
   553 | D:4      | Noticed a phantom
   576 | D:4      | Killed Robin
   602 | D:4      | Found a staircase to the Ecumenical Temple.
   606 | D:4      | Killed a phantom
   631 | Temple   | Entered the Ecumenical Temple
   748 | Temple   | Became a worshipper of Makhleb the Destroyer
   793 | D:4      | Reached XP level 6. HP: 45/56 MP: 5/5
   946 | D:4      | Reached skill level 5 in Axes
   946 | D:4      | Reached skill level 1 in Invocations
  1016 | D:4      | Reached XP level 7. HP: 35/63 MP: 7/7
  1105 | D:4      | Noticed Ijyb
  1115 | D:4      | Paralysed by Ijyb for 6 turns
  1129 | D:4      | Killed Ijyb
  1129 | D:4      | Reached skill level 5 in Armour
  1228 | D:4      | Found a runed translucent door.
  1229 | D:4      | Noticed Crazy Yiuf
  1352 | D:4      | Killed Crazy Yiuf
  1406 | D:5      | Entered Level 5 of the Dungeon
  1417 | D:5      | Reached skill level 5 in Shields
  1446 | D:5      | Reached * piety under Makhleb
  1446 | D:5      | Reached skill level 6 in Axes
  1989 | D:5      | Reached XP level 8. HP: 54/73 MP: 9/9
  2185 | D:6      | Noticed Blork the orc
  2196 | D:6      | Killed Blork the orc
  2285 | D:6      | Reached skill level 7 in Axes
  2370 | D:6      | Noticed Menkaure
  2376 | D:6      | Killed Menkaure
  2433 | D:6      | Reached skill level 5 in Fighting
  2591 | D:6      | Reached skill level 5 in Invocations
  2644 | D:6      | Noticed Maggie
  2656 | D:6      | Gained mutation: You passively map the area around you.
                  | [Deep Dwarf growth]
  2656 | D:6      | Reached XP level 9. HP: 59/81 MP: 8/8
  2680 | D:6      | Killed Maggie
  2680 | D:6      | Reached skill level 8 in Axes
  2741 | D:6      | Identified a scroll of acquirement
  2741 | D:6      | Acquired the +5 pair of boots of the Meadowlark {rN+ MR-
                  | rCorr}
  3287 | D:7      | Reached ** piety under Makhleb
  3644 | D:7      | Found a burning altar of Makhleb.
  3646 | D:7      | Noticed an Executioner
  4120 | D:8      | Found a bloodstained altar of Trog.
  4169 | D:8      | Noticed a manticore
  4193 | D:8      | Killed a manticore
  4193 | D:8      | Reached skill level 9 in Axes
  4677 | D:9      | Found a transporter.
  4751 | D:9      | Found a staircase to the Lair.
  4766 | D:9      | Found a transporter.
  4812 | D:9      | Reached XP level 10. HP: 81/91 MP: 9/9
  4958 | D:9      | You fall into a shaft and drop 1 floor!
  4958 | D:10     | Entered Level 10 of the Dungeon
  5024 | D:10     | Reached skill level 10 in Axes
  5102 | D:10     | Reached *** piety under Makhleb
  5114 | D:10     | Found a bloodstained altar of Trog.
  5207 | D:10     | Noticed Grum
  5235 | D:10     | Killed Grum
  5288 | D:9      | Found a radiant altar of Vehumet.
  5288 | D:9      | Found a hazy altar of Hepliaklqana.
  5291 | D:9      | Found a blossoming altar of Fedhas.
  5736 | D:10     | Noticed Maurice
  5798 | D:10     | Noticed a brown ugly thing
  5814 | D:10     | Killed a brown ugly thing
  5879 | D:10     | Reached skill level 11 in Axes
  5884 | D:10     | Noticed Erolcha
  5895 | D:10     | Reached XP level 11. HP: 83/100 MP: 11/11
  5920 | D:10     | Killed Erolcha
  6048 | D:10     | Found a bloodstained altar of Trog.
  6185 | D:10     | Noticed Maurice
  6196 | D:10     | Killed Maurice the steam dragon
  6660 | D:11     | Killed an unseen horror
  6666 | D:11     | Found a staircase to the Orcish Mines.
  6723 | D:11     | Found a frozen archway.
  6770 | IceCv    | Entered an ice cave
  6883 | D:11     | You fall into a shaft and drop 3 floors!
  7096 | D:13     | Noticed a white ugly thing
  7110 | D:13     | Killed a white ugly thing
  7112 | D:13     | Reached **** piety under Makhleb
  7120 | D:13     | Noticed a tengu warrior
  7120 | D:13     | Noticed a five-headed hydra
  7139 | D:13     | Killed a tengu warrior
  7139 | D:13     | Reached skill level 12 in Axes
  7155 | D:13     | Killed a 19-headed hydra
  7200 | D:13     | Found a flagged portal.
  7210 | Bailey   | Entered a bailey
  7449 | Bailey   | Reached skill level 10 in Fighting
  7449 | Bailey   | Reached XP level 12. HP: 118/118 MP: 8/8
  7663 | D:13     | Paralysed by a hornet for 1 turns
  7786 | Orc:1    | Entered Level 1 of the Orcish Mines
  7792 | Orc:1    | Reached XP level 13. HP: 124/124 MP: 9/9
  7805 | Orc:1    | Reached skill level 10 in Invocations
  7853 | Orc:1    | Reached skill level 10 in Shields
  7936 | Orc:1    | Reached ***** piety under Makhleb
  8174 | Orc:2    | Entered Level 2 of the Orcish Mines
  8187 | Orc:2    | Reached skill level 13 in Axes
  8234 | Orc:2    | Reached skill level 10 in Armour
  8340 | Orc:2    | Found Zideybyx's Distillery.
  8377 | Orc:2    | Found a staircase to the Elven Halls.
  8458 | Orc:2    | Bought a potion of cancellation for 96 gold pieces
  8526 | Orc:2    | Found Toowang's Jewellery Boutique.
  8595 | Orc:2    | Found Tuteff's Jewellery Emporium.
  8619 | Orc:2    | Found Digewno's Book Emporium.
  8635 | Orc:2    | Found Moip's Armour Boutique.
  8645 | Orc:2    | Bought a +0 pair of gloves for 63 gold pieces
  8652 | Orc:2    | Bought an uncursed amulet of the acrobat for 330 gold
                  | pieces
  8652 | Orc:2    | Bought a +4 ring of evasion for 396 gold pieces
  8798 | Lair:1   | Entered Level 1 of the Lair of Beasts
  8822 | Lair:1   | Got a smoking zirconium amulet
  8823 | Lair:1   | Identified the amulet of Joaxibiv {Inacc rC+ Str+3 Dex-2}
                  | (You found it on level 1 of the Lair of Beasts)
  8970 | Lair:1   | Reached skill level 1 in Dodging
  9026 | Lair:2   | Reached skill level 1 in Evocations
  9488 | Lair:2   | Found a staircase to the Shoals.
  9787 | Lair:3   | Reached skill level 14 in Axes
  9921 | Lair:3   | Found a runed translucent door.
  9922 | Lair:3   | Noticed Kiuman's ghost (journeyman TeAE)
  9957 | Lair:3   | Gained mutation: You resist negative energy. (rN+) [Deep
                  | Dwarf growth]
  9957 | Lair:3   | Reached XP level 14. HP: 135/135 MP: 7/7
 10281 | Lair:3   | Found a hole to the Spider Nest.
 10882 | Orc:2    | Bought an uncursed ring of poison resistance for 220 gold
                  | pieces
 11128 | Spider:1 | Entered Level 1 of the Spider Nest
 11250 | Spider:2 | Reached skill level 5 in Evocations
 11266 | Spider:2 | Reached ****** piety under Makhleb
 11288 | Spider:2 | Noticed an emperor scorpion
 11292 | Spider:2 | Noticed an emperor scorpion
 11307 | Spider:2 | Killed an emperor scorpion
 11314 | Spider:2 | Killed an emperor scorpion
 11341 | Spider:3 | Reached skill level 15 in Axes
 11385 | Spider:3 | Noticed an entropy weaver
 11397 | Spider:3 | Killed an entropy weaver
 11453 | Spider:3 | Noticed an emperor scorpion
 11466 | Spider:3 | Killed an emperor scorpion
 11682 | Spider:4 | Entered Level 4 of the Spider Nest
 11813 | Spider:4 | Reached skill level 5 in Dodging
 11896 | Spider:4 | Got a gossamer rune of Zot
 11986 | Spider:2 | Reached XP level 15. HP: 113/144 MP: 4/4
 12096 | Shoals:1 | Entered Level 1 of the Shoals
 12488 | Shoals:4 | Entered Level 4 of the Shoals
 12489 | Shoals:4 | Noticed Polyphemus
 12528 | Shoals:4 | Killed Polyphemus
 12558 | Shoals:4 | Reached skill level 16 in Axes
 12566 | Shoals:4 | Noticed Nikola
 12591 | Shoals:4 | Got a barnacled rune of Zot
 12607 | Shoals:4 | Killed Nikola
 12648 | Shoals:4 | Reached XP level 16. HP: 153/153 MP: 2/2
 12954 | Orc:2    | Bought an uncursed ring of protection from cold for 275
                  | gold pieces
 12954 | Orc:2    | Bought an uncursed ring of protection from fire for 275
                  | gold pieces
 13094 | D:12     | Noticed Sonja
 13114 | D:12     | Killed Sonja
 13249 | D:13     | Noticed Jorgrun
 13273 | D:13     | Killed Jorgrun
 13342 | D:15     | Entered Level 15 of the Dungeon
 13548 | D:15     | Found a staircase to the Depths.
 13567 | Depths:1 | Entered Level 1 of the Depths
 13587 | Depths:1 | Found Nupuer Isusm's Elemental Accessories.
 13601 | Depths:1 | Quit the game

Illustrated notes

Levels and vault maps discovered:
D:1:      dpeg_arrival_radiant, layout_loops_ring
D:2:      layout_loops_ring, eat_drink_and_be_merry_uskayaw, uniq_jessica
D:3:      layout_basic
D:4:      layout_rooms, nemelex_xobeh_ov_fountains_minmay,
          minmay_temple_entry_junction, uniq_robin, uniq_crazy_yiuf_cottage,
          uniq_ijyb
D:5:      layout_basic
D:6:      layout_basic, minmay_manual_macuahuitl, uniq_maggie,
          uniq_blork_the_orc, uniq_menkaure
D:7:      layout_loops_ring, makhleb_altar_promises_db
D:8:      layout_loops_corners, bloody_trog
D:9:      gammafunk_steamed_eel, layout_basic, nicolae_overflow_hidden_temple
D:10:     layout_long_grid, basic_altar, serial_undead, serial_undead_a,
          serial_undead_e, serial_undead_b, serial_undead_a, serial_undead_b,
          uniq_grum, uniq_erolcha, uniq_maurice
D:11:     layout_loops_ring, david_orc_3, portal_ice_cave_entry_pillars_1
D:12:     layout_roguey, uniq_sonja
D:13:     layout_basic, lightli_vaults_fourway_checkpoint, enter_bailey_2,
          uniq_jorgrun
D:14:     layout_long_grid, minivault_25
D:15:     grunt_enter_depths_giant_problem, layout_long_grid, serial_shops,
          shop, minivault_14, minivault_11
Temple:   regret_index_temple_sphere_string
Lair:1:   layout_cave_shapes
Lair:2:   layout_big_grid, minmay_shoals_entry_lonely_mermaid,
          grunt_megastairs_1
Lair:3:   layout_gridlike, nicolae_spider_entry_tight_spaces,
          hellmonk_ghost_happy_afterlife, wad_woods_road_02, beast_lair_carwin_8
Shoals:1: layout_shoals, lemuel_altar_in_water
Shoals:2: argonaut_golden_fleece, layout_shoals, nicolae_shoals_wave_tunnel,
          uniq_ilsuiw
Shoals:3: cheibrodos_shoals_satyrical_garden, layout_shoals, centaur_isle
Shoals:4: shoals_end_grunt_garden, layout_shoals, uniq_polyphemus, uniq_nikola
Spider:1: layout_spider_delve
Spider:2: spiders_nest_a
Spider:3: layout_spider_delve
Spider:4: grunt_spider_rune_island, drop_trap
Orc:1:    layout_diamond_mine, uniq_urug
Orc:2:    st_orc_elflike, layout_caves, ebering_ghost_rock_garden, serial_shops,
          shop
Depths:1: layout_honeycomb, hell_entry, solitary_fountain,
          nicolae_elemental_shop, chequers_serial_rivers_small_b, drop_trap,
          minivault_14, minmay_st_funbox, solitary_fountain,
          kennysheep_generic_room_9, kennysheep_random_hallway

Skill      XL: |  1  2  3  4  5  6  7  8  9 10 11 12 13 14 15 16 |
---------------+-------------------------------------------------+-----
Axes           | 3 4 5 6 7 9 11 12 14 15 16 | 16.3
Fighting       | 3 4 5 6 7 10 11 12 | 12.4
Armour         | 4 5 6 7 8 9 10 11 12 | 12.3
Shields        | 4 5 6 7 8 9 11 13 14 | 14.4
Invocations    | 1 3 5 6 8 9 11 12 14 | 14.4
Dodging        | 2 5 6 7 |  7.0
Evocations     | 3 6 8 |  8.4

Action                   |  1- 3 |  4- 6 |  7- 9 | 10-12 | 13-15 | 16-18 || total
-------------------------+-------+-------+-------+-------+-------+-------++-------
Melee: War axe           |    81 |   159 |   455 |   552 |   878 |   102 ||  2227
Invok: Lesser Servant of |       |       |       |     5 |    46 |     3 ||    54
 Abil: Heal Wounds       |     1 |     6 |    18 |    23 |    37 |     3 ||    88
Evoke: Wand              |       |       |       |     3 |    11 |       ||    14
  Use: Scroll            |       |       |    16 |     5 |    13 |     3 ||    37
       Potion            |       |       |       |     4 |     9 |     2 ||    15
 Stab: Distracted        |       |       |       |       |    13 |     1 ||    14
       Petrified         |       |       |       |       |    10 |       ||    10
Armor: Scale mail        |    49 |    69 |    82 |       |       |       ||   200
       Plate armour      |       |       |   127 |   501 |   559 |    67 ||  1254
Dodge: Dodged            |    24 |    58 |   109 |   170 |   431 |    46 ||   838
       Repelled          |       |       |       |       |     5 |     3 ||     8
Block: Kite shield       |    60 |    85 |   272 |   440 |   766 |    52 ||  1675

Table legend: (Time is in decaauts)
 A = Elapsed time spent in this place.
 B = Non-inter-level travel time spent in this place.
 C = Inter-level travel time spent in this place.
 D = Time resting spent in this place.
 E = Time spent auto-exploring this place.
 F = Levels seen in this place.
 G = Mean time per level.
                   A        B        C        D        E       F      G
               +--------+--------+--------+--------+--------+-----+--------+
         Total |  13651 |  11897 |   1754 |      0 |   7789 |  32 |  426.6 |
       Dungeon |   8330 |   7525 |    805 |      0 |   5221 |  15 |  555.3 |
        Temple |    130 |     90 |     40 |      0 |     88 |   1 |  130.0 |
          Lair |   2140 |   1781 |    359 |      0 |   1420 |   3 |  713.3 |
        Shoals |    691 |    569 |    122 |      0 |    107 |   4 |  172.8 |
   Spider Nest |    839 |    721 |    118 |      0 |    366 |   4 |  209.8 |
  Orcish Mines |   1110 |    802 |    308 |      0 |    495 |   2 |  555.0 |
        Depths |     31 |     31 |      0 |      0 |     13 |   1 |   31.0 |
        Bailey |    347 |    347 |      0 |      0 |     72 |   1 |  347.0 |
      Ice Cave |     28 |     28 |      0 |      0 |      6 |   1 |   28.0 |
               +--------+--------+--------+--------+--------+-----+--------+

Top non-repeatable levels by time:
    D:10: 1485 daAuts
     D:6: 1214 daAuts
  Lair:3: 977 daAuts
  Lair:2: 863 daAuts
     D:4: 829 daAuts
     D:8: 772 daAuts
     D:5: 705 daAuts
     D:9: 672 daAuts
   Orc:2: 612 daAuts
     D:7: 610 daAuts
   Orc:1: 497 daAuts
    D:11: 435 daAuts
Shoals:2: 433 daAuts
Spider:3: 417 daAuts
    D:13: 416 daAuts
